Workbook

Sheet Charges
A1: N° Compte | B1: Intitulé | C1: Date : 31/12/2021 | D1: Date : 30/06/2021 | E1: Type
A2: 601100 | B2: ACHATS DE MATIERES | C2: 311496.44 | D2: 387984.02 | E2: Non prise en compte
A3: 601150 | B3: ACHAT MATIERE INTRA COM | C3: 7889.3 | D3: 234.82 | E3: Non prise en compte
A4: 601200 | B4: FRAIS DE FACTURATION ACHAT | C4: 112.94 | D4: 108.77 | E4: Non prise en compte
A5: 602100 | B5: MATIERES CONSOMMABLES | C5: 31376.29 | D5: 45665.53 | E5: Non prise en compte
A6: 602200 | B6: FOURNITURES CONSOMMABLES | C6: 0 | D6: 4.16 | E6: Non prise en compte
A7: 602600 | B7: EMBALLAGES | C7: 332.3 | E7: Non prise en compte
A8: 602610 | B8: EMBALLAGES PERDUS | C8: 47 | D8: 361.1 | E8: Non prise en compte
A9: 602650 | B9: EMBALLAGE RECUPERABLE NON | C9: 90 | D9: 340 | E9: Non prise en compte
A10: 603100 | B10: VARIATION STOCK MATIERES PR | C10: 0 | D10: 16686 | E10: Non prise en compte
A11: 606110 | B11: ELECTRICITE | C11: 5005.66 | D11: 11614.02 | E11: Atelier
A12: 606120 | B12: EAU | C12: 272.81 | D12: 336.91 | E12: Atelier
A13: 606130 | B13: GAZ | C13: 2335.07 | D13: 2749.43 | E13: Atelier
A14: 606145 | B14: CARBURANT CHARIOT ELEVATE | C14: 1768.49 | D14: 2564.87 | E14: Atelier
A15: 606160 | B15: CARBURANTS | C15: 11169.46 | D15: 20884.1 | E15: Montage
A16: 606320 | B16: PETIT OUTILLAGE | C16: 2212.43 | D16: 12736.07 | E16: Atelier et montage
A17: 606330 | B17: ACHATS FOURN DECOUPE PLAS | C17: 1458.33 | D17: 4763.94 | E17: Atelier
A18: 606400 | B18: FOURNIT.ET PETIT MAT.BUREAU | C18: 1615.12 | D18: 2948.85 | E18: Atelier et montage
A19: 606800 | B19: ACHAT DECHETS INDUSTRIELS | C19: 245.47 | D19: 293.42 | E19: Non prise en compte
... A25: 613500 | B25: LOCATIONS MOBILIERES | C25: 33256.57 | D25: 53627.92 | E25: Atelier
A26: 613501 | B26: LOCATION MATERIEL BELGIQUE | C26: 895.12 | E26: Atelier
A27: 613510 | B27: LOCATION COURTE DUREE VEHI | C27: 0 | D27: 310 | E27: Montage
A28: 613555 | B28: LOC. ENT. M. SHARP MXC301W + | C28: 1058.74 | D28: 1958.66 | E28: Atelier
A29: 613560 | B29: LOC. MAINT. ENT. ALPHABET BM | C29: 9213.66 | D29: 18427.34 | E29: Atelier et montage
A30: 613565 | B30: LOCATION LD BOOXER FB­090­VX | C30: 2787.36 | D30: 5923.24 | E30: Montage
A31: 613570 | B31: LOC. + ENTR. PEUGEOT EM 291B | C31: 0 | D31: 1079.59 | E31: Montage
A32: 613575 | B32: LOCATION LD BOOXER FB­812­JQ | C32: 2787.36 | D32: 5925.12 | E32: Montage
A33: 613576 | B33: LOCATION ET ENTRETIEN FS­821­ | C33: 2969.1 | D33: 5147.32 | E33: Montage
A34: 613580 | B34: LOC LD PEUGEOT EXPERT FB404 | C34: 1562.19 | D34: 3990.44 | E34: Montage
A35: 613585 | B35: LOCATION MOBILIERE ORANGE | C35: 573.36 | D35: 1146.72 | E35: Atelier
A36: 613590 | B36: LOCATION SHARP MX2651EU ATE | C36: 2048.87 | D36: 1989.52 | E36: Atelier
A37: 615200 | B37: ENTR.REP.DES BIENS IMMOBILIE | C37: 956.53 | E37: Atelier
A38: 615500 | B38: ENTR.REP.DES BIENS MOBILIERS | C38: 1073.61 | D38: 11778.13 | E38: Atelier
A39: 615510 | B39: ENTR.REP.MATERIEL OUTILLAGE | C39: 1674.84 | E39: Atelier
A40: 615515 | B40: FOURNITURE ENTRET REP COM | C40: 410.4 | E40: Atelier
A41: 615516 | B41: ENTRETIEN HABILLAGE FS­821­F | C41: 227.32 | E41: Montage
A42: 615520 | B42: ENTR.REP.MAT TRANSP BMW FH­ | C42: 963.69 | D42: 1230.98 | E42: Atelier et montage
A43: 615521 | B43: TRX ET ENTRETIEN CABINE DE P | C43: 0 | D43: 3280 | E43: Atelier
A44: 615522 | B44: TRAVAUX ENTRETIEN BMW GD­61 | C44: 1149 | E44: Atelier et montage
A45: 615550 | B45: TRVX ENT REP CHARIOT ELEV FE | C45: 0 | D45: 1516.82 | E45: Atelier
A46: 615560 | B46: Trav Entr Réparation poste à souder | C46: 517.14 | D46: 1108.78 | E46: Atelier
A47: 615570 | B47: TRAVAUX ENT PEUGEOT FB090V | C47: 424.13 | D47: 162.1 | E47: Montage
A48: 615575 | B48: ENTRET REP FB­812­JQ | C48: 0 | D48: 209.1 | E48: Montage
A49: 615580 | B49: TRAV ENTRET POUR SECURITE I | C49: 2200 | D49: 523.9 | E49: Montage
A50: 615585 | B50: Trav Entr Rep PEUGEOT EM 291 | C50: 20 | E50: Montage
A51: 615590 | B51: ENTRETIEN REPAR PRESSE PLIE | C51: 1324.94 | E51: Montage
A52: 615600 | B52: MAINTENANCE INFORMATIQUE | C52: 2814.91 | D52: 2944.16 | E52: Atelier et montage
A53: 615700 | B53: ENTRETIEN GENERAL | C53: 5132.52 | D53: 10300.6 | E53: Atelier
A54: 615800 | B54: MAINTENANCE PLASMA+ PRESSE | C54: 1154.44 | D54: 2887.41 | E54: Atelier
A55: 615900 | B55: MAINTENANCE CHUBB | C55: 715.89 | D55: 1507.89 | E55: Atelier
A56: 615950 | B56: MAINTENANCE | C56: 284.12 | D56: 783.14 | E56: Atelier
A57: 615951 | B57: MAINTENANCE CONTROLE ELEC | C57: 0 | D57: 1897.12 | E57: Atelier
A58: 616000 | B58: ASSURANCE CYBER RISQUES | C58: 61.63 | E58: Atelier
A59: 616020 | B59: ASSURANCES PGE 150 K€ | C59: 392.22 | D59: 784.44 | E59: Atelier et montage
A60: 616100 | B60: ASSURANCES MULTIRISQUES | C60: 1995.54 | D60: 3742.86 | E60: Atelier et montage
A61: 616110 | B61: ASSURANCES MARCHAND TRAN | C61: 274.74 | D61: 535 | E61: Montage
A62: 616120 | B62: ASS RC DIRIGEANT | C62: 310.72 | D62: 589.58 | E62: Atelier et montage
A63: 616150 | B63: ASSURANCE PRET | C63: 153.85 | D63: 313.56 | E63: Atelier et montage
A64: 616300 | B64: ASSURANCE VEHICULES | C64: 4355.79 | D64: 7637.06 | E64: Montage
A65: 616400 | B65: ASSURANCES RC | C65: 1687.69 | D65: 3188.45 | E65: Atelier et montage
A66: 616500 | B66: ASSURANCE DIVERS | C66: 708.5 | E66: Atelier et montage
A67: 621100 | B67: PERSONNEL INTERIMAIRE | C67: 75851.08 | D67: 53966.72 | E67: Non prise en compte
A68: 621150 | B68: Personnel KEITA LASSO | C68: 0 | D68: 2427.66 | E68: Non prise en compte
A69: 622200 | B69: COMMISSIONS VERSES SUR VEN | C69: 12640 | E69: Atelier et montage
A70: 622600 | B70: HONORAIRES CAC | C70: 2250 | D70: 4500 | E70: Atelier et montage
A71: 622610 | B71: HONORAIRES | C71: 6264 | D71: 11686 | E71: Atelier et montage
A72: 622620 | B72: HONORAIRES DIVERS | C72: 13250 | D72: 160 | E72: Atelier et montage
A73: 622630 | B73: HONORAIRES TRINITY AVOCATS | C73: 734.63 | D73: 4193.29 | E73: Atelier et montage
A74: 622700 | B74: FRAIS D'ACTES ET CONTENTIEUX | C74: 51.57 | D74: 221.37 | E74: Atelier et montage
A75: 623100 | B75: ANNONCES ET INSERTIONS | C75: 205 | D75: 95 | E75: Atelier et montage
A76: 623400 | B76: CADEAUX A LA CLIENTELE | C76: 1543 | D76: 898.33 | E76: Atelier et montage
A77: 623600 | B77: CATALOGUES ET IMPRIMES | C77: 0 | D77: 44.07 | E77: Atelier et montage
A78: 623800 | B78: DIVERS (POURBOIRES ,DONS) | C78: 150 | D78: 550 | E78: Atelier et montage
A79: 624100 | B79: TRANSPORTS SUR ACHATS | C79: 3528.1 | D79: 2780.84 | E79: Non prise en compte
A80: 624200 | B80: TRANSPORTS SUR VENTES | C80: 27606.43 | D80: 49072.57 | E80: Non prise en compte
A81: 624220 | B81: PORT PAYE NON SOUMIS A LA T | C81: 0 | D81: 31.5 | E81: Atelier et montage
... A85: 625601 | B85: FRAIS NETTOYAGE VETEMENT D | C85: 0 | D85: 690 | E85: Atelier et montage
A86: 625700 | B86: FRAIS DE RECEPTIONS | C86: 585.63 | E86: Atelier et montage
A87: 626000 | B87: FRAIS DE POSTE | C87: 63.07 | D87: 587.3 | E87: Atelier et montage
A88: 626010 | B88: COYOTTE | C88: 97.38 | D88: 348.16 | E88: Montage
A89: 626200 | B89: FRAIS DE TELECOMMUNICATION | C89: 8 | D89: 624 | E89: Atelier et montage
A90: 626250 | B90: FRAIS PORTABLE ATELIER/ CHA | C90: 623.96 | D90: 1418.93 | E90: Atelier
A91: 626260 | B91: ABONNEMENT INTERNET WANAD | C91: 1124 | D91: 1424 | E91: Atelier et montage
A92: 627800 | B92: FRAIS BANCAIRES BA ­ CREDIT | C92: 2639.22 | D92: 10497.17 | E92: Atelier et montage
A93: 627801 | B93: FRAIS BANCAIRE BANQUE POPU | C93: 5742.69 | D93: 2844.46 | E93: Atelier et montage
A94: 628100 | B94: CONCOURS DIVERS (COTISATIO | C94: 100 | E94: Atelier et montage
A95: 628150 | B95: COT.ORG.SYNDICALES ET PROF | C95: 769 | D95: 1513.02 | E95: Atelier et montage
A96: 631200 | B96: TAXE D'APPRENTISSAGE | C96: 2177.23 | D96: 3845.19 | E96: Non prise en compte
A97: 631300 | B97: PART. D'EMPLOYEUR FORMATIO | C97: 2931.17 | D97: 6106.86 | E97: Non prise en compte
A98: 633300 | B98: PARTIC. D'EMPLOYEUR FORMATI | C98: 0 | D98: 182.6 | E98: Non prise en compte
A99: 635111 | B99: CONTRIBUTION CET | C99: 2527 | D99: 7513 | E99: Atelier et montage
A100: 635120 | B100: TAXE FONCIERE | C100: 1811.5 | D100: 2078.5 | E100: Atelier
A101: 635140 | B101: * TAXE S/VEHICULES TOURISME | C101: 1816 | D101: 2056.88 | E101: Atelier et montage
A102: 635400 | B102: DROITS ENREGISTREMENT, TIMB | C102: 18.94 | E102: Atelier et montage
A103: 635800 | B103: AUTRES DROITS ET TAXES | C103: 9550 | E103: Atelier et montage
A104: 635820 | B104: TAXE COREM | C104: 1233.9 | D104: 2166.34 | E104: Atelier et montage
A105: 641100 | B105: SALAIRES OUVRIERS | C105: 225104.69 | D105: 485090.92 | E105: Non prise en compte
A106: 641110 | B106: SALAIRE ADMINISTRATIF | C106: 14250.9 | D106: 32800.06 | E106: Non prise en compte
A107: 641160 | B107: SALAIRES BRUTS PDG | C107: 30000 | D107: 60478 | E107: Non prise en compte
A108: 641200 | B108: CONGES PAYES | C108: -7318.92 | D108: -5752.36 | E108: Non prise en compte
...

Sheet Récap
C1: 44561 | D1: 44377
A2: Atelier | B2: Charges atelier | C2: =SUMIFS(Charges!C:C,Charges!$E:$E,Récap!$A2) -> 107325.44 | D2: =SUMIFS(Charges!D:D,Charges!$E:$E,Récap!$A2) -> 216642.16
A3: Montage | B3: Charges montage | C3: =SUMIFS(Charges!C:C,Charges!$E:$E,Récap!$A3) -> 31647.64 | D3: =SUMIFS(Charges!D:D,Charges!$E:$E,Récap!$A3) -> 54660.81
A4: Atelier et montage | B4: Charges atelier et montage | C4: =SUMIFS(Charges!C:C,Charges!$E:$E,Récap!$A4) -> 110729.6 | D4: =SUMIFS(Charges!D:D,Charges!$E:$E,Récap!$A4) -> 125133.68
A5: Non prise en compte | B5: Charges non prise en compte | C5: =SUMIFS(Charges!C:C,Charges!$E:$E,Récap!$A5) -> 1104236.3 | D5: =SUMIFS(Charges!D:D,Charges!$E:$E,Récap!$A5) -> 1910783.1
B6: Total des charges | C6: =SUM(C2:C5) -> 1353939 | D6: =SUM(D2:D5) -> 2307219.7
B7: Vérification | C7: =+C6-SUM(Charges!C:C) -> 0 | D7: =+D6-SUM(Charges!D:D) -> 0
A9: Atelier | B9: Nombre d'heures d'atelier | C9: =+SUMIF(Salariés!$E$3:$E$22,$A9,Salariés!$G$3:$G$22) -> 8491.59 | D9: =+SUMIF(Salariés!$E$3:$E$22,$A9,Salariés!$I$3:$I$22) -> 17087.18
A10: Monteur | B10: Nombre d'heures de montage | C10: =+SUMIF(Salariés!$E$3:$E$22,$A10,Salariés!$G$3:$G$22) -> 5602.27 | D10: =+SUMIF(Salariés!$E$3:$E$22,$A10,Salariés!$I$3:$I$22) -> 12066.81
B11: Nombre d'heures totales | C11: =SUM(C9:C10) -> 14093.86 | D11: =SUM(D9:D10) -> 29153.99
A12: Administratif | B12: Nombre d'heures administratif | C12: =+SUMIF(Salariés!$E$3:$E$22,$A12,Salariés!$G$3:$G$22) -> 2990.02 | D12: =+SUMIF(Salariés!$E$3:$E$22,$A12,Salariés!$I$3:$I$22) -> 3921.04
B13: Vérification | C13: =+C11+C12-Salariés!G24 -> 0 | D13: =+D11+D12-Salariés!I24 -> 0
B15: Charges pour une heure d'atelier | C15: =+C2/C9+C4/C11 -> 20.495612 | D15: =+D2/D9+D4/D11 -> 16.970801
B16: Charges pour une heure de montage | C16: =+C3/C10+C4/C11 -> 13.505659 | D16: =+D3/D10+D4/D11 -> 8.8220107
B17: Vérification | C17: =+(C15*C9+C10*C16)-(C2+C3+C4) -> 0 | D17: =+(D15*D9+D10*D16)-(D2+D3+D4) -> 0
A19: Atelier | B19: Coût total / paie pour atelier | C19: =+SUMIF(Salariés!$E$3:$E$22,$A19,Salariés!$F$3:$F$22) -> 190469.18 | D19: =+SUMIF(Salariés!$E$3:$E$22,$A19,Salariés!$H$3:$H$22) -> 388667.65
A20: Monteur | B20: Coût total / paie pour montage | C20: =+SUMIF(Salariés!$E$3:$E$22,$A20,Salariés!$F$3:$F$22) -> 163727 | D20: =+SUMIF(Salariés!$E$3:$E$22,$A20,Salariés!$H$3:$H$22) -> 365477.64
A21: Administratif | B21: Coût total / paie pour administratif | C21: =+SUMIF(Salariés!$E$3:$E$22,$A21,Salariés!$F$3:$F$22) -> 72883.01 | D21: =+SUMIF(Salariés!$E$3:$E$22,$A21,Salariés!$H$3:$H$22) -> 193641.19
B22: Total | C22: =+SUM(C19:C21) -> 427079.19 | D22: =+SUM(D19:D21) -> 947786.48
B23: Vérification | C23: =+C22-Salariés!F24 -> 0 | D23: =+D22-Salariés!H24 -> 0
B25: Coût total / paie pour une heure d'atelier (adm. Compris) | C25: =+C19/C9+C21/C11 -> 27.601591 | D25: =+D19/D9+D21/D11 -> 29.388169
B26: Coût total / paie pour une heure de montage (adm. Compris) | C26: =+C20/C10+C21/C11 -> 34.396377 | D26: =+D20/D10+D21/D11 -> 36.929856
B27: Vérification | C27: =+C25*C9+C26*C10-C22 -> 0 | D27: =+D25*D9+D26*D10-D22 -> 0
B29: Coût global d'une heure d'atelier | C29: =+C25+C15 -> 48.097203 | D29: =+D25+D15 -> 46.358969
B30: Coût global d'une heure de montage | C30: =+C26+C16 -> 47.902036 | D30: =+D26+D16 -> 45.751866

Sheet Salariés
F1: 31/12/2021 - 6 mois | H1: 30/06/2021 - 12 mois
A2: N° | B2: Nom de l'employé | C2: N° | D2: Nom de l'employé | E2: Type | F2: Coût global | G2: Nb.H.Trav. | H2: Coût global | I2: Nb.H.Trav.
A3: 1 | B3: BOULET LAURENT | C3: 1 | D3: BOULET LAURENT | E3: Monteur | F3: 30823.35 | G3: 1080.52 | H3: 66329.91 | I3: 2263.54
A4: 2 | B4: BUYSE ANTONY | C4: 2 | D4: BUYSE ANTONY | E4: Atelier | F4: 23514.94 | G4: 950.27 | H4: 44118.59 | I4: 1593.12
A5: 4 | B5: CUVELIER JEROME | C5: 4 | D5: CUVELIER JEROME | E5: Atelier | F5: 23365.68 | G5: 1043.02 | H5: 43308.91 | I5: 2077.04
A6: 5 | B6: DELVAUX FRANCOIS | C6: 5 | D6: DELVAUX FRANCOIS | E6: Atelier | F6: 20626.63 | G6: 950.52 | H6: 40021.94 | I6: 1831.79
A7: 6 | B7: DELVAUX PHILIPPE | C7: 6 | D7: DELVAUX PHILIPPE | E7: Monteur | F7: 38331.41 | G7: 1117.77 | H7: 73939.7 | I7: 2228.79
A8: 8 | B8: FILLEBEEN AXEL | C8: 8 | D8: FILLEBEEN AXEL | E8: Atelier | F8: 23854.99 | G8: 994.02 | H8: 38630.19 | I8: 1986.79
C9: 9 | D9: JACLIN OLIVIER | E9: Atelier | H9: 50165.83 | I9: 1640.2
A10: 10 | B10: KIECKEN JEREMY | C10: 10 | D10: KIECKEN JEREMY | E10: Atelier | F10: 34114.05 | G10: 1115.27 | H10: 70033.19 | I10: 2264.79
A11: 11 | B11: KUYLLE BERTRAND | C11: 11 | D11: KUYLLE BERTRAND | E11: Monteur | F11: 30954.03 | G11: 1096.27 | H11: 59670.63 | I11: 2200.29
A12: 12 | B12: LEBEUF JEAN PHILIPPE | C12: 12 | D12: LEBEUF JEAN PHILIPPE | E12: Monteur | F12: 31929.49 | G12: 1084.52 | H12: 59241.05 | I12: 1518.78
A13: 13 | B13: LEFEBVRE CHRISTOPHE | C13: 13 | D13: LEFEBVRE CHRISTOPHE | E13: Monteur | F13: 580.19 | G13: 151.67 | H13: 2261.03
C14: 14 | D14: LEROY PASCALE | E14: Administratif | H14: 58713.12 | I14: 455.01
A15: 15 | B15: LOUVET RICHARD | C15: 15 | D15: LOUVET RICHARD | E15: Atelier | F15: 24075.68 | G15: 1006.02 | H15: 48776.09 | I15: 2073.04
A16: 16 | B16: OUTREMAN FRANCK | C16: 16 | D16: OUTREMAN FRANCK | E16: Administratif | F16: 52476.02 | G16: =40*52 -> 2080 | H16: 105493.28 | I16: =+G16 -> 2080
A17: 17 | B17: THIBAUT GERARD | C17: 17 | D17: THIBAUT GERARD | E17: Monteur | F17: 31108.53 | G17: 1071.52 | H17: 55149.89 | I17: 2126.54
A18: 18 | B18: KEITA LASSO | C18: 18 | D18: KEITA LASSO | E18: Atelier | F18: 11070.16 | G18: 616.68 | H18: 19190.53 | I18: 1410.53
A19: 19 | B19: NEVELESTYN LUDOVIC | C19: 19 | D19: NEVELESTYN LUDOVIC | E19: Atelier | F19: 15803.91 | G19: 885.77 | H19: 29261.39 | I19: 1914.54
C20: 22 | D20: MOREL FREDERIC | E20: Monteur | H20: 48885.43 | I20: 1728.87
A21: 23 | B21: CHAPUT AUDE | C21: 23 | D21: CHAPUT AUDE | E21: Administratif | F21: 20406.99 | G21: 910.02 | H21: 29434.79 | I21: 1386.03
A22: 24 | B22: WICKAERT LOIC | C22: 24 | D22: WICKAERT LOIC | E22: Atelier | F22: 14043.14 | G22: 930.02 | H22: 5160.99 | I22: 295.34
B23: Cumuls N-1 employés sans bulletins sur N | D23: Cumuls N-1 employés sans bulletins sur N
B24: TOTAL GENERAL | D24: TOTAL GENERAL | F24: =SUM(F3:F22) -> 427079.19 | G24: =SUM(G3:G22) -> 17083.88 | H24: =SUM(H3:H22) -> 947786.48 | I24: =SUM(I3:I22) -> 33075.03
